 Dungeon Crawl Stone Soup version 0.29.1-2-gbd0b4ee654 (webtiles) character file.

Game seed: 923033390573289406

338 GorkyZ the Chopper (level 6, -4/38 HPs)
             Began as a Gargoyle Gladiator on Nov 30, 2022.
             Killed from afar by a steam dragon (13 damage)
             ... with a ball of steam
             ... on level 4 of the Dungeon.
             The game lasted 00:08:22 (4042 turns).

GorkyZ the Chopper (Gargoyle Gladiator)             Turns: 4042, Time: 00:08:23

Health: -4/38      AC: 15    Str: 20    XL:     6   Next: 55%
Magic:  6/6        EV: 10    Int:  8    God:
Gold:   166        SH:  0    Dex: 11    Spells: 5/5 levels left

rFire   . . .      SeeInvis +   f - +1 dagger (venom)
rCold   . . .      Faith    .   (no shield)
rNeg    + . .      Spirit   .   o - +0 scale mail
rPois   ∞          Reflect  .   c - +0 helmet
rElec   +          Harm     .   g - +0 cloak
rCorr   .          Rampage  .   p - +0 pair of gloves
Will    .....                   m - +0 pair of boots
Stlth   ..........              (no amulet)
HPRegen 0.12/turn               k - ring of see invisible
MPRegen 0.10/turn               u - ring of flight

@: flying
A: sickness immunity, AC +4, negative energy resistance 1, electricity
resistance, torment resistance 1, petrification resistance
a: no special abilities


You were on level 4 of the Dungeon.
You visited 1 branch of the dungeon, and saw 4 of its levels.

You collected 166 gold pieces.

Inventory:

Hand Weapons
 a - a +0 war axe
 f - a +1 dagger of venom (weapon)
Missiles
 d - 3 throwing nets (quivered)
 e - a javelin
Armour
 b - a +0 leather armour
 c - a +0 helmet (worn)
 g - a +0 cloak (worn)
 m - a +0 pair of boots (worn)
 o - a +0 scale mail (worn)
 p - a +0 pair of gloves (worn)
 t - a +0 plate armour
Jewellery
 k - a ring of see invisible (left hand)
 u - a ring of flight (right hand)
 y - a ring of wizardry
 B - a ring of flight
Wands
 z - a wand of quicksilver (8)
Scrolls
 i - a scroll of enchant weapon
 r - a scroll of immolation
 s - 3 scrolls of silence
 v - a scroll of fear
 x - 2 scrolls of teleportation
 A - 2 scrolls of identify
Potions
 h - a potion of mutation
 j - a potion of heal wounds
 l - 4 potions of curing
 n - 2 potions of attraction
 q - a potion of flight
 w - a potion of magic


   Skills:
 + Level 3.6 Fighting
 * Level 4.2 Axes
 + Level 3.0 Throwing
 + Level 2.5 Armour
 + Level 3.2 Dodging


You had 5 spell levels left.
You didn't know any spells.
Your spell library contained the following spells:

 Spells                   Type           Power      Damage    Failure   Level
 Ensorcelled Hibernation  Hex/Ice        0%         N/A       88%         2
 Passwall                 Tmut/Erth      0%         N/A       88%         2
 Swiftness                Air            0%         N/A       98%         3


Dungeon Overview and Level Annotations

Branches:
Dungeon (4/15)
 Temple: D:4-7

Altars:
Nemelex Xobeh
Zin


Innate Abilities, Weirdness & Mutations

You are immune to sickness and miasma.
Your stone body is resilient. (AC +4)
You are immune to poison.
You resist negative energy. (rN+)
You are resistant to electric shocks. (rElec)
You are resistant to unholy torment.
You are immune to petrification.


Message History

Found a scroll of teleportation.
A steam dragon comes into view.
The steam dragon hisses angrily.
The orc hits you but does no damage.
You closely miss the orc. The orc closely misses you.
You barely miss the steam dragon. The steam dragon breathes steam at you.
The ball of steam hits you. The orc hits you but does no damage.
You hit the steam dragon.
The steam dragon is poisoned.
The steam dragon is lightly wounded.
You are engulfed in a cloud of scalding steam.
The steam dragon closely misses you. The steam dragon barely misses you.
The orc closely misses you.
You hit the steam dragon.
The steam dragon looks as sick as possible!
The steam dragon is lightly wounded.
You are engulfed in a cloud of scalding steam.
The steam dragon bites you!
The steam dragon claws you but does no damage.
The orc hits you but does no damage.
You hit the steam dragon but do no damage.
The steam dragon looks as sick as possible!
The steam dragon is moderately wounded.
You are engulfed in a cloud of scalding steam.
The steam dragon breathes steam at you. The ball of steam hits you!
* * * LOW HITPOINT WARNING * * *
The orc hits you with a +0 hand axe.
* * * LOW HITPOINT WARNING * * *
The orc attacks as you move away! The orc barely misses you.
The orc is engulfed in a cloud of scalding steam.
The orc dies!
The steam dragon bites you but does no damage.
The steam dragon barely misses you.
The steam dragon attacks as you move away!
The steam dragon bites you but does no damage.
The steam dragon completely misses you. The steam dragon breathes steam at you.
The ball of steam hits you!
You die...

#........# #........#
#........# #........#
##.###..## ###.###..##
+.........# #.........#
# #+####.@##...##
#..##...##.§##...##
..........D.......#
....?.)....>......#
...##..###..##...######
#..###..##...##...##
#...#..............)#
#...#...............#
#...#...............#


You could see a steam dragon (very poisoned, catching breath).

Vanquished Creatures
  Grinder (D:3)
  A hound (D:4)
  An iguana (D:4)
  An adder (D:2)
  An ufetubus (D:3)
  An adder skeleton (D:3)
  2 worms
  2 dart slugs
  4 orcs (D:3)
  5 ball pythons
  7 endoplasms
  7 giant cockroaches
  7 goblins
  7 hobgoblins
  2 quokkas (D:1)
  2 bats (D:3)
  4 frilled lizards
  A jackal skeleton (D:3)
  6 kobolds
  5 rats
67 creatures vanquished.

Vanquished Creatures (others)
  An orc (D:4)
  3 withered plants (D:3)
4 creatures vanquished.

Grand Total: 71 creatures vanquished

Notes
Turn   | Place    | Note
-------+----------+-------------------------------------------
     0 | D:1      | GorkyZ the Gargoyle Gladiator began the quest for the Orb.
     0 | D:1      | Reached XP level 1. HP: 12/12 MP: 1/1
   579 | D:1      | Reached XP level 2. HP: 14/18 MP: 2/2
   829 | D:1      | Reached skill level 1 in Armour
  1111 | D:1      | Reached XP level 3. HP: 15/22 MP: 3/3
  1548 | D:1      | Reached skill level 3 in Axes
  2091 | D:2      | Reached XP level 4. HP: 22/27 MP: 4/4
  2857 | D:3      | Found a sparkling altar of Nemelex Xobeh.
  3010 | D:3      | Found a glowing silver altar of Zin.
  3101 | D:3      | Noticed Grinder
  3128 | D:3      | Killed Grinder
  3129 | D:3      | Reached skill level 4 in Axes
  3129 | D:3      | Reached XP level 5. HP: 18/32 MP: 5/5
  3129 | D:3      | Reached XP level 6. HP: 21/37 MP: 6/6
  4031 | D:4      | Noticed a steam dragon
  4042 | D:4      | Killed from afar by a steam dragon

Illustrated notes

Levels and vault maps discovered:
D:1:      nicolae_arrival_somewhat_less_tricky_arrival, layout_basic,
          minmay_cut_off
D:2:      layout_loops_ring, reono_crystal_passage
D:3:      layout_loops_ring, zin_academy, nemelex_dance_club_becter,
          serial_undead, serial_undead_d, serial_undead_f, serial_undead_c,
          serial_undead_c, uniq_grinder
D:4:      layout_gridville, grunt_gozag_statues, cheibrodos_sewer_entry_bend

Skill      XL: |  1  2  3  4  5  6 |
---------------+-------------------+-----
Throwing       | 2 3 |  3.0
Armour         | 1 2 |  2.5
Axes           | 3 4 |  4.2
Fighting       | 3 |  3.6
Dodging        | 3 |  3.2

Action                   |  1- 3 |  4- 6 || total
-------------------------+-------+-------++-------
Melee: War axe           |    91 |       ||    91
       Punch             |     1 |       ||     1
       Dagger            |    36 |   119 ||   155
  Use: Scroll            |     7 |     8 ||    15
Armor: Leather armour    |    19 |       ||    19
       Scale mail        |    42 |    71 ||   113
Dodge: Dodged            |    67 |    63 ||   130
